 Dungeon Crawl Stone Soup version 0.17-a0-1141-g3e25b61 (webtiles) character file.

110 Hanyuu the Insei (level 4, 25/28 HPs)
             Began as an Octopode Transmuter on May 26, 2015.
             Quit the game on level 2 of the Dungeon.
             The game lasted 00:05:36 (2216 turns).

Hanyuu the Insei (Octopode Transmuter)              Turns: 2216, Time: 00:05:37

Health: 25/28      AC:  1    Str:  9    XL:     4   Next: 91%
Magic:  7/7        EV: 12    Int: 16    God:
Gold:   52         SH:  0    Dex: 12    Spells: 3 memorised, 1 level left

rFire  . . .     SeeInvis .       - Unarmed
rCold  . . .     Clarity  .     (no shield)
rNeg   . . .     SustAt   .     (helmet restricted)
rPois  .         Gourm    .     (no amulet)
rElec  .         Spirit   .     (no ring)
rCorr  .         Warding  .     (no ring)
rMut   .         Stasis   .     (no ring)
MR     .....                    (no ring)
Stlth  ++........               (no ring)
                                (no ring)
                                (no ring)
                                (no ring)

@: not resistant to hostile enchantments, unstealthy
A: almost no armour, amphibious, 8 rings, constrict 8, camouflage 1, gelatinous
body 1
a: no special abilities


You were on level 2 of the Dungeon.
You were hungry.

You visited 1 branch of the dungeon, and saw 2 of its levels.

You collected 52 gold pieces.

Inventory:

Missiles
 a - 12 arrows
 h - 4 curare-tipped needles
Scrolls
 f - a scroll of enchant weapon {unknown}
 i - a scroll of identify {unknown}
 j - a scroll of teleportation {unknown}
 l - a scroll of random uselessness {unknown}
 m - a scroll of magic mapping {unknown}
Potions
 d - a potion of ambrosia {unknown}
 k - a potion of agility {unknown}
Books
 b - a book of Changes

   Spells                             Type                      Level
   a - Beastly Appendage              Transmutation                1
   b - Sticks to Snakes               Transmutation                2
   c - Spider Form                    Transmutation/Poison         3
   d - Ice Form                       Ice/Transmutation            4
   e - Blade Hands                    Transmutation                5
Comestibles
 c - 2 bread rations


   Skills:
 + Level 1.1 Fighting
 - Level 2.0 Dodging
 * Level 5.3 Unarmed Combat
 - Level 2.0 Spellcasting
 + Level 2.0 Transmutations


You had one spell level left.
You knew the following spells:

 Your Spells              Type           Power        Failure   Level  Hunger
a - Beastly Appendage     Trmt           #.....       10%         1    #......
b - Sticks to Snakes      Trmt           #.........   14%         2    ###....
c - Spider Form           Trmt/Pois      #.........   38%         3    ###....


Dungeon Overview and Level Annotations

Branches:
Dungeon (2/15)

Altars:


Innate Abilities, Weirdness & Mutations

You cannot wear most types of armour.
You are amphibious.
You can wear up to eight rings at the same time.
You can use your tentacles to constrict eight enemies at once.
Your skin changes colour to match your surroundings (Stealth).
Your rubbery body absorbs attacks (AC +1).


Message History

* * * LOW HITPOINT WARNING * * *
You feel sick.
* * * LOW HITPOINT WARNING * * *
You feel sick.
You see here an adder corpse.
There is a lethal amount of poison in your body!
Drink which item? (? for menu, Esc to quit)
You feel better.
You butcher the adder corpse.
g - a chunk of flesh Eat a chunk of flesh? (ye/n/q/i?) This raw flesh tastes terrible.
Your tentacle spike disappears.
You continue eating. x2
You start resting.
You are feeling hungry.
You see here a dagger.
Done exploring.
Done exploring.
Are you sure you want to abandon this character and quit the game? (Confirm with "yes".)

#########
#........
#.#######
#........
##################
#...).............
#.###############.
#@# #. #.# #. #.#
#. #.# ########.
#.# #........
#.########.######.
#..........# #.
###.....#..# #.
#.....#..# ###.


There were no monsters in sight!

Vanquished Creatures
  6 adders
  An ooze (D:1)
  A worm (D:2)
  2 giant geckos
  6 bats
  A giant cockroach (D:1)
  6 hobgoblins
  10 jackals
  2 giant newts
  6 goblins
  9 kobolds
  A rat (D:1)
51 creatures vanquished.

Notes
Turn   | Place    | Note
--------------------------------------------------------------
     0 | D:1      | Hanyuu the Octopode Transmuter began the quest for the Orb.
     0 | D:1      | Reached XP level 1. HP: 13/13 MP: 3/3
   216 | D:1      | Reached XP level 2. HP: 15/18 MP: 5/5
   436 | D:1      | Reached skill level 4 in Unarmed Combat
   623 | D:1      | Reached XP level 3. HP: 3/23 MP: 4/6
   822 | D:1      | Learned a level 2 spell: Sticks to Snakes
   826 | D:1      | Learned a level 3 spell: Spider Form
  1120 | D:2      | Reached XP level 4. HP: 14/28 MP: 4/7
  1426 | D:2      | Reached skill level 5 in Unarmed Combat
  2216 | D:2      | Quit the game

Vault maps used:
D:1:      lightli_molten_gateway, minmay_misc_feat_more_columns
D:2:      first_bread

Action                   |  1- 3 |  4- 6 || total
-------------------------+-------+-------++-------
Melee: Unarmed           |    71 |    52 ||   123
 Cast: Beastly Appendage |     2 |     2 ||     4
       Spider Form       |     1 |     1 ||     2
  Use: Potion            |     1 |     1 ||     2
 Stab: Sleeping          |     3 |     1 ||     4
  Eat: Chunk             |     1 |     3 ||     4
